 Dungeon Crawl Stone Soup version 0.22-a0-603-gfc1114d (webtiles) character file.

100 sking99 the Ruffian (level 4, 0/37 HPs)
             Began as a Draconian Transmuter on July 7, 2018.
             Slain by a goblin
             ... wielding a +0 club
              (4 damage)
             ... on level 1 of the Dungeon.
             The game lasted 00:02:47 (2041 turns).

sking99 the Ruffian (Draconian Transmuter)          Turns: 2041, Time: 00:02:47

Health: 0/37       AC:  5    Str: 12    XL:     4   Next: 46%
Magic:  7/7        EV: 12    Int: 15    God:
Gold:   39         SH:  0    Dex: 11    Spells: 4/7 levels left

rFire    . . .     SeeInvis .     - Unarmed
rCold    . . .     Gourm    .   (no shield)
rNeg     . . .     Faith    .   (armour unavailable)
rPois    .         Spirit   .   (helmet restricted)
rElec    .         Reflect  .   (no cloak)
rCorr    .         Harm     .   (no gloves)
MR       .....                  (no boots)
Stlth    +.........             (no amulet)
HPRegen  0.12/turn              (no ring)
MPRegen  0.10/turn              (no ring)

@: lethally poisoned (0 -> -1)
A: unfitting armour, cold-blooded, AC +5
a: no special abilities


You were on level 1 of the Dungeon.
You were hungry.

You visited 1 branch of the dungeon, and saw 2 of its levels.

You collected 39 gold pieces.

Inventory:

Missiles
 a - 31 arrows
Jewellery
 e - an uncursed ring of poison resistance {unknown}
 g - a cursed -4 ring of dexterity {unknown}
Scrolls
 b - 3 scrolls of identify {unknown}
 f - a scroll of remove curse {unknown}
Comestibles
 c - a ration


   Skills:
 + Level 2.5 Fighting
 - Level 1.7 Dodging
 * Level 4.3 Unarmed Combat
 - Level 2.0 Spellcasting
 + Level 2.7 Transmutations


You had 4 spell levels left.
You knew the following spells:

 Your Spells              Type           Power        Failure   Level  Hunger
a - Beastly Appendage     Tmut           #.....       7%          1    #......
b - Sticks to Snakes      Tmut           #.......     11%         2    ###....

Your spell library contained the following spells:

 Spells                   Type           Power        Failure   Level  Hunger
 Spider Form              Tmut/Pois      #.........   36%         3    ###....
 Blade Hands              Tmut           #.........   89%         5    ######.
 Ice Form                 Ice/Tmut       #.......     77%         4    #####..


Dungeon Overview and Level Annotations

Branches:
Dungeon (2/15)

Altars:


Innate Abilities, Weirdness & Mutations

Your plain brown scales are hard. (AC +5)
You cannot fit into any form of body armour.
You are cold-blooded and may be slowed by cold attacks.


Message History

The goblin hits you with a dagger.
* * * LOW HITPOINT WARNING * * *
The goblin barely misses you.
You hit the goblin.
You kill the goblin!
You feel sick. The goblin misses you. The goblin completely misses you.
Items here: ! " ( ) ? a dagger; a dented silver amulet; a bubbling pink potion a scroll labeled VOGISKUEDY; 10 stones You feel sick.
You feel sick.
There is an escape hatch in the ceiling here.
The goblin misses you. A mysterious force pulls you upwards.
The hatch slams shut behind you.
You feel sick.
You hit the goblin.
Your tail-slap misses the goblin.
The goblin is heavily wounded.
The goblin hits you with a club.
You die...

######### #####
#.......#######...#
#.............#...#
#.......#####.#...#######
#........................
#######+##.####.#...#######
#........g@.....#...# #
#.#####.#...######### #
#.##....#...........# #
#.##.####..########.# #
#.#...............#.# #
#.########)#.#.##.#.## #
#.#.......>..........## #
###.#.##.....#.#.##.#...#
#...#.##.....#.#.##.#.#.##


You could see a goblin.

Vanquished Creatures
  Robin (D:2)
  4 adders (D:2)
  A worm (D:2)
  3 dart slugs
  An orc (D:2)
  5 bats (D:1)
  2 giant cockroaches
  14 goblins
  3 hobgoblins
  A frilled lizard (D:2)
  4 kobolds
  2 rats (D:2)
41 creatures vanquished.

Vanquished Creatures (collateral kills)
  A hobgoblin (D:2)
1 creature vanquished.

Grand Total: 42 creatures vanquished

Notes
Turn   | Place    | Note
-------+----------+-------------------------------------------
     0 | D:1      | sking99 the Draconian Transmuter began the quest for the Orb.
     0 | D:1      | Reached XP level 1. HP: 16/16 MP: 3/3
   447 | D:1      | Reached XP level 2. HP: 17/23 MP: 5/5
   460 | D:1      | Learned a level 2 spell: Sticks to Snakes
  1472 | D:2      | Reached XP level 3. HP: 29/29 MP: 6/6
  1589 | D:2      | Reached skill level 4 in Unarmed Combat
  1644 | D:2      | Noticed Robin
  1665 | D:2      | Reached XP level 4. HP: 22/36 MP: 7/7
  1676 | D:2      | Killed Robin
  2041 | D:1      | Slain by a goblin

Vault maps used:
D:1:      dpeg_arrival_long_road, minivault_23
D:2:      minmay_door_path, uniq_robin

Skill      XL: |  1  2  3 |
---------------+----------+-----
Fighting       | 2 |  2.5
Unarmed Combat | 4 |  4.3
Dodging        | |  1.7
Spellcasting   | |  2.0
Transmutations | |  2.7

Action                   |  1- 3 |  4- 6 || total
-------------------------+-------+-------++-------
Melee: Unarmed           |   134 |    50 ||   184
       Tailslap          |    13 |     4 ||    17
       Punch             |     2 |       ||     2
       Kick              |       |     5 ||     5
 Cast: Sticks to Snakes  |       |     2 ||     2
       Beastly Appendage |       |     1 ||     1
  Use: Potion            |       |     1 ||     1
 Stab: Distracted        |     1 |       ||     1
  Eat: Chunk             |     2 |     1 ||     3
Armor: Skin              |    46 |    12 ||    58
Dodge: Dodged            |    93 |    29 ||   122

Table legend:
 A = Spawn XP
 B = Non-spawn XP
 C = Spawn XP percentage of total XP
 D = Spawn monster count
 E = Non-spawn monster count
 F = Spawn count percentage of total count
 G = Total turns spent on level
                    A         B        C        D         E        F      G
               +---------+---------+-------+---------+---------+-------+---------
         Total |       0 |     143 |   0.0 |       0 |      42 |   0.0 |  2041
               +---------+---------+-------+---------+---------+-------+---------
           D:1 |       0 |      31 |   0.0 |       0 |      15 |   0.0 |  1369
           D:2 |       0 |     112 |   0.0 |       0 |      27 |   0.0 |   672
               +---------+---------+-------+---------+---------+-------+---------
